 Dungeon Crawl Stone Soup version 0.14.0-17-gc0b17a5 (webtiles) character file.

74 staplegun the Practitioner (level 2, -1/24 HPs)
             Began as a Deep Dwarf Healer on Apr 18, 2014.
             Was a Believer of Elyvilon.
             Slain by a hobgoblin
             ... wielding a +0,+0 club
              (2 damage)
             ... on Level 1 of the Dungeon.
             The game lasted 00:04:06 (997 turns).

staplegun the Practitioner (Deep Dwarf Healer)       Turns: 997, Time: 00:04:06

HP  -1/24        AC  6     Str 15      XL: 2   Next: 75%
MP   4/4         EV  3     Int 12      God: Elyvilon [**....]
Gold 51          SH  0     Dex 12      Spells:  0 memorised,  1 level left

rFire  . . .     SeeInvis .     (no weapon)
rCold  . . .     Clarity  .     i - +0 plate armour
rNeg   . . .     Conserve .     (no shield)
rPois  .         rCorr    .     (no helmet)
rElec  .         rRot     .     (no cloak)
SustAb . .       Spirit   .     (no gloves)
rMut   .         Warding  .     o - +0 pair of boots
Saprov . . .     Stasis   .     (no amulet)
MR     .....                    (no ring)
                                (no ring)

@: non-regenerating, very slightly contaminated, hasted, very quick, not
resistant to hostile enchantments, extremely unstealthy
A: damage resistance, recharge devices, deformed body, sense surroundings 1,
slow healing 3
a: Device Recharging, Lesser Healing, Lesser Self-Healing, Divine Protection,
Purification, Renounce Religion


You were on level 1 of the Dungeon.
You worshipped Elyvilon.
Elyvilon was pleased with you.
You were starving.

You visited 1 branch of the dungeon, and saw 2 of its levels.

You collected 51 gold pieces.

Inventory:

Armour
 a - a +1 robe
 i - a +0 plate armour (worn)
 o - a +0 pair of boots (worn)
Magical devices
 d - a wand of heal wounds (5)
Comestibles
 f - a bread ration
 k - 3 sultanas
 m - a meat ration
Scrolls
 e - a scroll of remove curse
 h - a scroll of identify {unknown}
 l - a scroll of random uselessness {unknown}
Potions
 b - a potion of curing
 c - a potion of heal wounds


   Skills:
 - Level 0.8 Fighting
 - Level 2.1 Dodging
 + Level 5.1 Invocations


You had one spell level left.
You didn't know any spells.

Dungeon Overview and Level Annotations

Branches:
Dungeon (2/15)

Altars:


Innate Abilities, Weirdness & Mutations

You are resistant to damage.
You can recharge devices by infusing magical energy.
You passively map a small area around you.
You do not heal naturally.
Armour fits poorly on your strangely shaped body.


Message History

The hobgoblin is moderately wounded.
Your plate armour prevents you from hitting the hobgoblin.
The hobgoblin is moderately wounded.
The hobgoblin hits you with a club.
You hit the hobgoblin but do no damage.
The hobgoblin is moderately wounded.
The hobgoblin barely misses you.
You closely miss the hobgoblin.
The hobgoblin is moderately wounded.
The hobgoblin hits you but does no damage.
Your plate armour prevents you from hitting the hobgoblin.
The hobgoblin is moderately wounded.
The hobgoblin hits you but does no damage.
Your plate armour prevents you from hitting the hobgoblin.
The hobgoblin is moderately wounded.
The hobgoblin hits you but does no damage.
You hit the hobgoblin but do no damage.
The hobgoblin is moderately wounded.
The hobgoblin hits you with a club.
You die...

#...# #....#### ##.####.......###
#............... #####....#...###
#....##### ## ##### ##......#
.####...# ##### #......#
.#......#####...#######.#...)#
...............g@.........####
.#....#######......####.### ..
.##...##########...####...##...#
..............l..........g.....##
..............................###
....%..################.###...# #
##.#.####...##...# #.# #...###
#.#.####...##...######.#####...#
##...............................


You could see a hobgoblin.

Vanquished Creatures
  A hobgoblin (D:1)
  A kobold (D:1)
  2 bats
  A goblin (D:1)
  4 rats
9 creatures vanquished.

Vanquished Creatures (others)
  A goblin (D:1)
  2 bats (D:1)
  A kobold (D:1)
  A rat (D:1)
5 creatures vanquished.

Grand Total: 14 creatures vanquished

Notes
Turn   | Place    | Note
--------------------------------------------------------------
     0 | D:1      | staplegun, the Deep Dwarf Healer, began the quest for the Orb.
     0 | D:1      | Reached XP level 1. HP: 16/16 MP: 2/2
   124 | D:1      | Reached skill level 4 in Invocations
   470 | D:1      | Reached XP level 2. HP: 10/24 MP: 2/4
   865 | D:2      | Reached skill level 5 in Invocations
   965 | D:2      | HP: 1/24 [hobgoblin/club (1)]
   986 | D:1      | Gained mutation: You are robust (+10% HP). [potion of mutation]
   986 | D:1      | Lost mutation: You are robust (+10% HP). [potion of mutation]
   986 | D:1      | Gained mutation: Armour fits poorly on your strangely shaped body. [potion of mutation]
   997 | D:1      | Slain by a hobgoblin

Action                   || total
-------------------------++-------
Melee: Unarmed           ||   203
Invok: Lesser Healing    ||    39
       Lesser Self-Heali ||     4
  Use: Scroll            ||     2
       Potion            ||     2
 Stab: Sleeping          ||     1
